Map: Oceanborn LE

Players

ShaDoWn

  • Race: Protoss Protoss
  • Spawn Location: 11:00

Rogue - Winner!

  • Race: Zerg Zerg
  • Spawn Location: 5:00

Event: ESL Spring 2024 Finals

VOD

Have the link to the VOD?

Description

Time

  • Played on: May 31, 2024, 12:39 p.m.
  • Length: 8:46

All games in this series

Show
View Real Time Build Order
Export as new Build Order

ShaDoWn Protoss 

Build Orders: 1 Gate Expand, Oracle Opening 

Get SALT Encoding   

  12  0:00  Probe  
  13  0:13  Pylon  
  13  0:18  Probe (Chrono Boost)  
  14  0:27  Probe (Chrono Boost)  
  15  0:32  Probe (Chrono Boost)  
  16  0:39  Gateway  
  16  0:44  Probe  
  16  0:48  Assimilator  
  17  0:56  Probe  
  18  1:08  Probe  
  19  1:20  Probe  
  19  1:25  Nexus  
  20  1:35  Cybernetics Core  
  20  1:38  Probe  
  21  1:43  Assimilator  
  21  1:50  Probe  
  22  1:54  Pylon  
  22  2:02  Probe  
  23  2:10  Adept (Chrono Boost)  
  23  2:15  Probe  
  26  2:19  Stargate  
  26  2:27  Probe  
  27  2:30  Adept (Chrono Boost)  
  27  2:32  Warp Gate  
  29  2:40  Probe (Chrono Boost)  
  29  2:43  Probe (Chrono Boost)  
  31  2:51  Probe (Chrono Boost)  
  33  2:52  Adept  
  33  2:53  Probe (Chrono Boost)  
  33  2:56  Probe  
  36  3:03  Probe  
  36  3:04  Oracle (Chrono Boost)  
  40  3:09  Pylon, Probe  
  41  3:15  Probe  
  42  3:21  Probe  
  43  3:27  Probe  
  43  3:33  Oracle (Chrono Boost), Probe  
  45  3:39  Probe  
  49  3:46  Gateway, Probe  
  48  3:51  Probe  
  49  3:57  Pylon  
  49  3:58  Probe  
  46  4:03  Probe  
  46  4:07  Oracle (Chrono Boost)  
  49  4:10  Probe  
  49  4:15  Probe  
  49  4:16  Assimilator, Nexus  
  51  4:17  Assimilator  
  51  4:20  Pylon  
  51  4:22  Probe  
  52  4:25  Stalker  
  52  4:30  Forge  
  54  4:32  Twilight Council  
  54  4:38  Probe x2  
  56  4:49  Gateway x2  
  56  4:50  Stalker, Probe x2  
  60  4:55  Pylon  
  60  5:02  Blink (Chrono Boost), Probe x2  
  60  5:05  Protoss Ground Weapons Level 1  
  62  5:14  Probe  
  62  5:16  Stalker  
  62  5:17  Stalker, Probe  
  65  5:36  Shield Battery, Probe (Chrono Boost)  
  65  5:38  Probe (Chrono Boost)  
  65  5:40  Stalker x2  
  65  5:41  Probe (Chrono Boost)  
  71  5:46  Probe (Chrono Boost)  
  71  5:49  Probe x2 (Chrono Boost)  
  74  5:50  Probe (Chrono Boost)  
  74  5:51  Pylon  
  74  5:53  Templar Archives  
  74  5:55  Assimilator  
  74  5:56  Assimilator  
  75  5:58  Probe  
  75  6:00  Stalker, Probe  
  75  6:02  Probe  
  80  6:06  Robotics Facility  
  80  6:10  Stalker x2, Probe  
  85  6:12  Probe  
  85  6:14  Probe  
  82  6:20  Stalker  
  82  6:23  Probe (Chrono Boost)  
  78  6:25  Probe (Chrono Boost)  
  78  6:27  Probe (Chrono Boost)  
  78  6:32  Stalker  
  77  6:39  Probe (Chrono Boost)  
  80  6:40  Probe (Chrono Boost)  
  80  6:41  Probe (Chrono Boost)  
  80  6:44  Probe (Chrono Boost), Psionic Storm  
  80  6:45  Pylon  
  80  6:47  Probe (Chrono Boost)  
  82  6:48  Stalker, Probe  
  82  6:53  Probe  
  86  6:57  Stalker x2  
  86  6:59  Stalker, Probe  
  86  7:00  Probe  
  88  7:05  Probe  
  89  7:09  Observer  
  89  7:10  Shield Battery  
  89  7:11  Probe  
  91  7:15  High Templar  
  91  7:17  Photon Cannon  
  93  7:23  Stalker  
  93  7:24  Stalker x2  
  99  7:30  Pylon  
  99  7:31  Pylon  
  99  7:32  Photon Cannon  
  99  7:36  Photon Cannon  
  95  7:47  Stalker x3  
  97  7:57  Stalker  
  88  8:00  Probe  
  88  8:01  Probe  
  88  8:02  Probe  
  68  8:10  Stalker x3  
  68  8:12  Probe  
  61  8:14  Probe x2  
  63  8:22  Stalker  
  63  8:24  Probe  
  63  8:26  Probe  
  63  8:35  Stalker x3  
Show
View Real Time Build Order
Export as new Build Order

Rogue Zerg - Winner!

Build Orders: Hatch First 

Get SALT Encoding   

  12  0:00  Drone  
  13  0:12  Overlord  
  13  0:17  Drone  
  14  0:31  Drone x2  
  16  0:49  Hatchery  
  15  0:51  Drone  
  15  0:54  Drone  
  17  0:57  Drone  
  18  1:09  Extractor  
  17  1:14  Spawning Pool  
  17  1:16  Drone  
  17  1:20  Drone  
  18  1:28  Drone  
  19  1:39  Drone  
  20  1:49  Overlord  
  20  2:01  Queen x2  
  20  2:02  Zergling x4  
  26  2:11  Drone  
  26  2:12  Drone  
  26  2:13  Metabolic Boost  
  28  2:23  Drone x2  
  30  2:33  Drone  
  30  2:35  Drone  
  32  2:43  Zergling x2  
  33  2:44  Hatchery  
  33  2:48  Queen  
  34  2:53  Overlord  
  34  2:57  Zergling x4  
  36  3:04  Overlord  
  36  3:11  Queen  
  38  3:13  Zergling x4  
  38  3:15  Drone  
  38  3:18  Drone  
  42  3:22  Drone  
  42  3:26  Drone x2  
  42  3:27  Drone  
  42  3:34  Drone x2  
  42  3:39  Drone  
  45  3:43  Drone x2  
  45  3:45  Drone  
  47  3:52  Overlord  
  47  3:53  Drone  
  47  3:54  Drone  
  47  3:55  Drone  
  50  3:56  Drone  
  50  3:58  Drone  
  51  4:05  Drone x2, Evolution Chamber  
  51  4:06  Drone  
  51  4:09  Spore Crawler  
  51  4:11  Spore Crawler  
  51  4:12  Spore Crawler  
  49  4:17  Queen  
  49  4:19  Drone  
  49  4:21  Drone x2  
  49  4:24  Drone  
  54  4:27  Drone x2  
  54  4:29  Drone x2  
  58  4:34  Zerg Melee Weapons Level 1  
  58  4:36  Overlord  
  58  4:40  Queen  
  58  4:44  Zergling x2  
  58  4:45  Zergling x6  
  64  4:47  Overlord  
  64  4:50  Zergling x2  
  65  4:55  Overlord  
  65  5:00  Drone x6  
  65  5:06  Overlord, Lair  
  71  5:08  Overlord  
  71  5:10  Extractor  
  71  5:11  Extractor  
  69  5:17  Roach Warren, Zergling x2  
  69  5:18  Zergling x2  
  69  5:19  Zergling x4  
  70  5:22  Drone x2  
  70  5:27  Zergling x2  
  70  5:28  Zergling x8  
  75  5:33  Zergling x6  
  77  5:37  Overlord  
  77  5:41  Extractor  
  76  5:46  Drone x6  
  82  5:51  Hatchery  
  82  5:54  Zergling x2  
  82  5:57  Zergling x4, Extractor  
  82  5:58  Extractor  
  82  6:03  Zergling x2  
  83  6:04  Glial Reconstitution  
  83  6:05  Pneumatized Carapace  
  83  6:06  Zergling x8  
  83  6:07  Zergling x4  
  83  6:08  Overlord  
  89  6:15  Zergling x2  
  89  6:16  Zergling x6  
  92  6:21  Queen  
  90  6:26  Overlord x3  
  86  6:37  Roach x6  
  86  6:38  Roach x2  
  102  6:40  Overlord  
  102  6:45  Roach x2  
  106  6:49  Roach x2  
  106  6:52  Roach x2  
  110  6:57  Zergling x2  
  110  6:59  Zergling x2  
  105  7:05  Ravager x4  
  105  7:06  Zergling x14  
  116  7:11  Zergling x8  
  116  7:14  Ravager x2  
  122  7:16  Zergling x4  
  122  7:17  Zergling x2  
  122  7:19  Zergling x2  
  122  7:21  Zergling x2  
  124  7:25  Ravager x2  
  124  7:26  Zergling x4  
  124  7:27  Queen  
  129  7:31  Ravager  
  129  7:34  Zergling x10  
  135  7:37  Zergling x2  
  135  7:42  Zergling x2  
  128  7:44  Zergling x2  
  128  7:48  Zergling x2  
  128  7:49  Zergling x2  
  128  7:50  Zergling x10  
  131  7:53  Zergling x2  
  131  7:54  Zergling x2  
  128  7:58  Zergling x2  
  128  7:59  Zergling x2  
  128  8:02  Zergling x2  
  128  8:04  Zergling x10  
  125  8:07  Zergling x2  
  125  8:08  Zergling x2  
  125  8:09  Zergling x2  
  122  8:14  Zergling x4  
  122  8:16  Ravager x3  
  122  8:18  Zergling x2  
  124  8:26  Infestation Pit  
  119  8:27  Drone x5  
  119  8:29  Drone  
  119  8:32  Drone  
Tags
 
Add a new tag
Caveats
  • Supply blocks, unpowered buildings, or Contaminate may cause inaccurate times.
  • Supply counts are checked every 10 seconds.